[Event "Titled Tuesday Blitz May 23 Early 2023"]
[White "TimGrutter03"]
[Black "Zaitsev, Alexander"]
[BlackFideId "4164490"]
[WhiteElo "2630"]
[BlackElo "2373"]
[Result "0-1"]
[Round "03"]
[TimeControl "180+2"]
[Date "2023.05.23"]
[WhiteClock "0:00:05"]
[BlackClock "0:00:12"]

1. e4 c5 2. Nf3 g6 3. c3 Bg7 4. Bd3 Nc6 5. O-O e5 6. Bc2 Nge7 7. d3 O-O 8. Re1 d6 9. d4 exd4 10. Bg5 h6 11. Bh4 g5 12. Bg3 f5 13. exf5 Nxf5 14. Qd3 Rf7 15. Na3 a6 16. Nc4 b5 17. Nxd6 Nxd6 18. Bxd6 Bf5 19. Qxf5 Rxf5 20. Bxf5 Qxd6 21. Re6 Qd5 22. g4 Qxf3 23. Rae1 Kf8 24. h3 Ne5 25. Be4 Qf4 26. Bxa8 dxc3 27. bxc3 b4 28. cxb4 cxb4 29. Bd5 Bf6 30. Bb3 Nf3+ 31. Kg2 Nxe1+ 32. Rxe1 Bd4 33. Re2 Kg7 34. Re7+ Kf8 35. Re2 a5 36. Bc4 Bc5 37. Bb3 Qd4 38. Ba4 Bd6 39. Re8+ Kg7 40. Re2 Qf4 41. Re3 Qh2+ 42. Kf1 Qh1+ 43. Ke2 Bf4 44. Re7+ Kf8 45. Re8+ Kf7 46. Rc8 Qxh3 47. Bb3+ Ke7 48. Rh8 Qxg4+ 49. Kf1 Qh3+ 50. Ke2 g4 51. Rh7+ Kf6 52. Rf7+ Ke5 53. Re7+ Kd4 54. Rd7+ Kc3 55. Rf7 Qf3+ 56. Kf1 h5 57. Rd7 h4 58. Bd1 Qh1+ 59. Ke2 Qe4+ 60. Kf1 h3 61. Bxg4 h2 62. Rh7 h1=Q+ 63. Rxh1 Qxh1+ 64. Ke2 Qd5 65. Kf1 Qe5 66. Kg2 Bg5 67. Bf3 Qf4 68. Bd5 Bh4 69. f3 Qg3+ 70. Kh1 Qf2 71. f4 Bg3 72. Bg2 Qe1+ 73. Bf1 Qxf1# 0-1


[Site "https://www.chess.com"]

[Event "Titled Tuesday Blitz May 23 Early 2023"]
[White "UNSTOPPABLE_LEGEND"]
[Black "Skliarov, Viktor"]
[BlackFideId "14106736"]
[WhiteElo "2454"]
[BlackElo "2317"]
[Result "0-1"]
[Round "03"]
[TimeControl "180+2"]
[Date "2023.05.23"]
[WhiteClock "0:00:00"]
[BlackClock "0:00:41"]

1. Nf3 g6 2. g3 Bg7 3. Bg2 Nf6 4. O-O O-O 5. c4 c6 6. d4 d5 7. Ne5 Nbd7 8. Nc3 Nxe5 9. dxe5 Ng4 10. cxd5 Nxe5 11. Bf4 cxd5 12. Nxd5 e6 13. Ne3 Qb6 14. Bxe5 Bxe5 15. Nc4 Qc7 16. Qb3 Bg7 17. Rfd1 Rb8 18. Rac1 b5 19. Nd6 Qa5 20. Nxc8 Rbxc8 21. Bb7 Rxc1 22. Rxc1 Rb8 23. Bf3 h5 24. Rd1 Qa4 25. Rd3 h4 26. Qxa4 bxa4 0-1


[Site "https://www.chess.com"]

[Event "Titled Tuesday Blitz May 23 Early 2023"]
[White "Jeet, Jain"]
[Black "Osinovsky, Stepan"]
[WhiteFideId "5073022"]
[BlackFideId "4157354"]
[WhiteElo "2067"]
[BlackElo "2222"]
[Result "1-0"]
[Round "03"]
[TimeControl "180+2"]
[Date "2023.05.23"]
[WhiteClock "0:01:45"]
[BlackClock "0:00:00"]

1. Nf3 Nf6 2. b3 g6 3. Bb2 Bg7 4. e3 O-O 5. d4 d6 6. Nbd2 e5 7. dxe5 Ng4 8. h3 Nxe5 9. Nxe5 Bxe5 10. Qc1 Qf6 11. Nc4 Bxb2 12. Qxb2 Qxb2 13. Nxb2 a5 14. g3 Na6 15. Bg2 Nc5 16. a4 Bf5 17. O-O-O Rab8 18. Rd4 b5 19. axb5 Rxb5 20. g4 Be6 21. Rhd1 Rfb8 22. Bd5 Bxd5 23. Rxd5 Ne4 24. Rxb5 Rxb5 25. Nd3 h5 26. Rf1 Kg7 27. f3 Nc3 28. Kd2 Na2 29. Rg1 Nb4 30. Nf4 hxg4 31. hxg4 Nd5 32. c4 Rxb3 33. Nxd5 c6 34. Nc3 1-0


[Site "https://www.chess.com"]

[Event "Titled Tuesday Blitz May 23 Early 2023"]
[White "Seemann, Jakub"]
[Black "Srdanovic, Jovana"]
[WhiteFideId "21874697"]
[BlackFideId "954810"]
[WhiteElo "2364"]
[BlackElo "2169"]
[Result "0-1"]
[Round "03"]
[TimeControl "180+2"]
[Date "2023.05.23"]
[WhiteClock "0:01:30"]
[BlackClock "0:00:18"]

1. g3 d5 2. Bg2 Nf6 3. d4 c6 4. Nf3 Bf5 5. O-O h6 6. a4 e6 7. a5 Nbd7 8. a6 b6 9. b3 Be7 10. c4 O-O 11. Nc3 Rc8 12. Bf4 Ne4 13. Nxe4 Bxe4 14. h4 c5 15. cxd5 Bxd5 16. dxc5 Nxc5 17. b4 Ne4 18. Nd4 Nc3 19. Qd3 Bxg2 20. Kxg2 Bxb4 21. Rfc1 e5 22. Bxe5 Qd5+ 23. Nf3 Rfd8 24. Qxd5 Nxd5 25. Nd4 Nc3 26. e3 f6 27. Nc2 Ne2 28. Nxb4 Nxc1 29. Bb2 Nb3 30. Ra3 Nc5 31. Bd4 Ne6 32. Ba1 Rc4 33. Nd3 b5 34. Rb3 Nc5 35. Nxc5 Rxc5 36. Bd4 Rc6 37. Rxb5 Rxa6 38. Rb7 Ra8 39. h5 Ra5 40. Kf3 a6 41. Kg4 Rg5+ 42. Kh4 a5 43. f4 Rd5 44. g4 a4 45. g5 hxg5+ 46. fxg5 Rxg5 47. h6 a3 48. hxg7 Rxg7 49. Rb1 a2 50. Ra1 Rg6 51. Kh5 Kf7 0-1


[Site "https://www.chess.com"]

[Event "Titled Tuesday Blitz May 23 Early 2023"]
[White "Arabidze, Meri"]
[Black "Manukian, Artak"]
[WhiteFideId "13604040"]
[BlackFideId "13301373"]
[WhiteElo "2405"]
[BlackElo "2130"]
[Result "1-0"]
[Round "03"]
[TimeControl "180+2"]
[Date "2023.05.23"]
[WhiteClock "0:00:07"]
[BlackClock "0:00:00"]

1. d4 d5 2. c4 dxc4 3. Nf3 Nf6 4. e3 e6 5. Bxc4 c5 6. O-O a6 7. a4 Nc6 8. Qe2 cxd4 9. Rd1 Be7 10. exd4 O-O 11. Nc3 Nb4 12. Bg5 Bd7 13. Ne5 Be8 14. Qf3 Nc6 15. Qh3 Qc7 16. Bd3 g6 17. Qh4 Nh5 18. Nxc6 Bxg5 19. Qxg5 Bxc6 20. Ne4 Bxe4 21. Bxe4 Rad8 22. g3 Rd7 23. a5 Qd8 24. Qc5 Nf6 25. Bg2 Nd5 26. Rac1 Qf6 27. Qa7 Rfd8 28. Bxd5 exd5 29. Qc5 h5 30. Re1 h4 31. Qc3 Re7 32. Qd3 Rde8 33. Rxe7 Rxe7 34. Kg2 Kg7 35. Rc5 hxg3 36. hxg3 Rd7 37. Qf3 Qxf3+ 38. Kxf3 Kf6 39. b4 Ke6 40. b5 axb5 41. Rxb5 Kd6 42. Kf4 Ke6 43. g4 f6 44. f3 g5+ 45. Ke3 Kd6 46. Kd3 Rf7 47. Rb6+ Kc7 48. Rb5 Kc6 49. Rb6+ Kc7 50. Ke3 f5 51. gxf5 Rxf5 52. Rg6 Kb8 53. Re6 1-0


[Site "https://www.chess.com"]

[Event "Titled Tuesday Blitz May 23 Early 2023"]
[White "Ambartsumova, Karina"]
[Black "Garakov, Mikhael"]
[WhiteFideId "4166299"]
[BlackFideId "4169034"]
[WhiteElo "2240"]
[BlackElo "2347"]
[Result "0-1"]
[Round "03"]
[TimeControl "180+2"]
[Date "2023.05.23"]
[WhiteClock "0:00:00"]
[BlackClock "0:00:44"]

1. e4 c5 2. Nf3 e6 3. d4 cxd4 4. Nxd4 Nc6 5. Nc3 Qc7 6. Be2 a6 7. O-O Nf6 8. Be3 Be7 9. f4 d6 10. Qe1 O-O 11. Qg3 Nxd4 12. Bxd4 d5 13. exd5 Bc5 14. Qf2 Bxd4 15. Qxd4 exd5 16. Kh1 Bf5 17. Bd3 Bxd3 18. Qxd3 Rfd8 19. Ne2 Rac8 20. Nd4 Ne4 21. c3 b5 22. Rae1 Qc4 23. Re3 Qxa2 24. Re2 Qc4 25. Qxc4 Rxc4 26. Ra1 b4 27. Rxa6 bxc3 28. bxc3 Nxc3 29. Rd2 Ne4 0-1


[Site "https://www.chess.com"]

[Event "Titled Tuesday Blitz May 23 Early 2023"]
[White "Gurevich, Dmitry"]
[Black "Iskusnyh, Sergei"]
[WhiteFideId "2000407"]
[BlackFideId "4120027"]
[WhiteElo "2506"]
[BlackElo "2492"]
[Result "0-1"]
[Round "03"]
[TimeControl "180+2"]
[Date "2023.05.23"]
[WhiteClock "0:00:00"]
[BlackClock "0:00:12"]

1. d4 d5 2. c4 c6 3. e3 Nf6 4. Nc3 a6 5. Nf3 e6 6. b3 Bb4 7. Bd2 Nbd7 8. Qc2 O-O 9. Bd3 h6 10. O-O Bd6 11. e4 dxc4 12. bxc4 e5 13. d5 Nc5 14. h3 cxd5 15. cxd5 Bd7 16. Be2 Rc8 17. Qb1 b5 18. a3 Qe7 19. Rc1 Rc7 20. Be3 Rfc8 21. Nd2 Be8 22. Na2 Na4 23. Rxc7 Qxc7 24. Nb4 Nc3 25. Qd3 a5 26. Nc6 Nxe2+ 27. Qxe2 Bxc6 28. Rc1 Qb7 29. dxc6 Rxc6 30. Rxc6 Qxc6 31. Qd3 b4 32. axb4 Bxb4 33. f3 a4 34. Nc4 a3 35. Nxa3 Bxa3 36. Qxa3 Kh7 37. Kh2 Nh5 38. Qe7 f6 39. Qf7 Nf4 40. Bxf4 exf4 41. Qa2 Qc5 42. Qd2 Qe5 43. Kg1 h5 44. Kf2 Kg6 45. Kg1 Kg5 46. Qf2 Qa1+ 47. Kh2 Qc1 48. h4+ Kh6 49. Qd4 Qe1 50. Qd6 Qxh4+ 51. Kg1 Qg5 52. Qf8 Kh7 53. Qf7 h4 54. Qe6 Qh5 55. Kh2 Qg6 56. Kh1 Qg3 57. Qd7 Kh6 58. Qe6 h3 0-1


[Site "https://www.chess.com"]

[Event "Titled Tuesday Blitz May 23 Early 2023"]
[White "Levitskiy, Andrey"]
[Black "Mouhamad, Joachim"]
[WhiteFideId "14132885"]
[BlackFideId "656410"]
[WhiteElo "2347"]
[BlackElo "2125"]
[Result "0-1"]
[Round "03"]
[TimeControl "180+2"]
[Date "2023.05.23"]
[WhiteClock "0:00:00"]
[BlackClock "0:00:42"]

1. e4 c5 2. Nf3 Nc6 3. d4 cxd4 4. Nxd4 Nf6 5. Nc3 d6 6. Bc4 Qb6 7. Nb3 e6 8. Bf4 Ne5 9. Be2 a6 10. g4 Be7 11. g5 Nfd7 12. h4 Qc7 13. a4 b6 14. Bg3 Bb7 15. f4 Nc4 16. Bxc4 Qxc4 17. Qd3 Rc8 18. O-O h6 19. Rad1 hxg5 20. hxg5 Qxd3 21. cxd3 Nc5 22. Nxc5 Rxc5 23. Rc1 f6 24. Bf2 Rc6 25. g6 f5 26. Bd4 Rh6 27. exf5 exf5 28. Rfe1 Rxg6+ 29. Kf1 Kf7 30. Re2 Rg4 31. Be3 b5 32. axb5 axb5 33. Rcc2 b4 34. Nd1 Bf6 35. Nf2 Rh4 36. Rxc6 Bxc6 37. Rc2 Bf3 38. Rc7+ Kg6 39. d4 Rh8 40. Rd7 Ra8 0-1


[Site "https://www.chess.com"]

[Event "Titled Tuesday Blitz May 23 Early 2023"]
[White "Kononenko, Dmitry"]
[Black "KorolDimitriy75"]
[WhiteFideId "14113538"]
[WhiteElo "2198"]
[BlackElo "2443"]
[Result "0-1"]
[Round "03"]
[TimeControl "180+2"]
[Date "2023.05.23"]
[WhiteClock "0:00:34"]
[BlackClock "0:01:24"]

1. e4 c5 2. Nf3 d6 3. d4 cxd4 4. Nxd4 Nf6 5. Nc3 g6 6. Bc4 Bg7 7. Bb3 O-O 8. f3 Nc6 9. Be3 Bd7 10. Qd2 Qa5 11. O-O-O Rfc8 12. h4 Ne5 13. Kb1 b5 14. h5 Nc4 15. Qd3 Nxe3 16. Qxe3 b4 17. Nd5 Nxd5 18. Bxd5 Rab8 19. hxg6 hxg6 20. g4 Qc5 21. Rh2 e6 22. Bb3 a5 23. Nf5 exf5 24. Qg5 Qe5 25. c4 Qxh2 26. c5 Qxb2# 0-1


[Site "https://www.chess.com"]

[Event "Titled Tuesday Blitz May 23 Early 2023"]
[White "Mackster23"]
[Black "Agibileg, Uurtsaikh"]
[BlackFideId "4901606"]
[WhiteElo "2442"]
[BlackElo "2353"]
[Result "0-1"]
[Round "03"]
[TimeControl "180+2"]
[Date "2023.05.23"]
[WhiteClock "0:00:00"]
[BlackClock "0:00:06"]

1. e4 c5 2. Nf3 e6 3. d4 cxd4 4. Nxd4 Nc6 5. Nc3 Qc7 6. g3 a6 7. Bg2 d6 8. O-O Bd7 9. Re1 Be7 10. Nxc6 bxc6 11. Na4 e5 12. c4 c5 13. Nc3 Nf6 14. Bg5 Be6 15. b3 O-O 16. Qd3 Ne8 17. Bxe7 Qxe7 18. Rad1 Rd8 19. f4 Nf6 20. f5 Bc8 21. h3 Bb7 22. g4 h6 23. Qg3 g5 24. fxg6 fxg6 25. h4 Kg7 26. Bf3 Nh7 27. Rf1 Rf7 28. Be2 Rdf8 29. Rxf7+ Rxf7 30. Rf1 Rxf1+ 31. Bxf1 Nf8 32. Nd5 Bxd5 33. exd5 Qf6 34. Bd3 Qf4 35. Qxf4 exf4 36. Kf2 Nd7 37. Kf3 Ne5+ 38. Ke4 g5 39. hxg5 hxg5 40. Be2 Kf6 41. Bd1 a5 42. Be2 Nd7 43. Bd1 Kg6 44. Be2 Nf6+ 45. Kf3 Kf7 46. Bd3 Nd7 47. Be2 Kg6 48. Bd3+ Kf6 49. Ke4 Ne5 50. Be2 Ng6 51. Bd1 Nh4 52. Be2 Ng2 53. Bd1 Ne3 54. Be2 Nc2 55. Bd3 Nb4 56. Bb1 Na6 57. a3 Nb8 58. Bd3 Nd7 59. Be2 Nf8 60. Bd1 Ng6 61. Be2 Nh4 62. Bd1 Ng2 63. Be2 Ne3 64. Bf3 Nf1 65. Bd1 Nd2+ 66. Kd3 Nf1 67. Ke4 Ng3+ 68. Kf3 Ke5 69. Bc2 Nf1 70. Ke2 Ne3 0-1


[Site "https://www.chess.com"]

[Event "Titled Tuesday Blitz May 23 Early 2023"]
[White "Lewicki, Miroslaw"]
[Black "Yeritsyan, Hayk"]
[WhiteFideId "1113380"]
[BlackFideId "13307320"]
[WhiteElo "2212"]
[BlackElo "2441"]
[Result "1-0"]
[Round "03"]
[TimeControl "180+2"]
[Date "2023.05.23"]
[WhiteClock "0:00:26"]
[BlackClock "0:00:03"]

1. b3 e5 2. Bb2 Nc6 3. Nf3 Bd6 4. g3 Nf6 5. d3 O-O 6. Bg2 Re8 7. O-O Bf8 8. e4 a5 9. Nc3 g6 10. a4 Bg7 11. h3 d6 12. Kh2 h6 13. Qd2 Be6 14. Rad1 d5 15. exd5 Nxd5 16. Ne4 b6 17. Rfe1 f5 18. Nc3 Bf7 19. Nh4 Kh7 20. Nb5 Qd7 21. d4 e4 22. c4 Ndb4 23. d5 Ne5 24. d6 cxd6 25. Qxd6 Qxd6 26. Rxd6 Nbd3 27. Bxe5 Bxe5 28. Rd7 Nxe1 29. Rxf7+ Kg8 30. Rb7 Re6 31. Bf1 Nf3+ 32. Nxf3 exf3 33. c5 Kh8 34. Bc4 Rc6 35. cxb6 Ra6 36. Re7 Bf6 37. b7 Rab6 38. Rf7 Bg7 39. Re7 Kh7 40. Re8 Rxb7 41. Bg8+ Kh8 42. Bd5+ Kh7 43. Bxc6 Rb6 44. Bd5 h5 45. h4 Bb2 46. Bxf3 Kg7 47. Ra8 Re6 48. Rxa5 Re1 49. Ra7+ Kf6 50. a5 Ra1 51. a6 Be5 52. Ra8 f4 53. Kg2 fxg3 54. fxg3 Ra2+ 55. Kh3 Bb2 56. a7 Bc1 57. Re8 1-0


[Site "https://www.chess.com"]

[Event "Titled Tuesday Blitz May 23 Early 2023"]
[White "Kleiman, Jake"]
[Black "Pinto, Daniel"]
[WhiteFideId "2020041"]
[BlackFideId "3303144"]
[WhiteElo "2608"]
[BlackElo "2145"]
[Result "1-0"]
[Round "03"]
[TimeControl "180+2"]
[Date "2023.05.23"]
[WhiteClock "0:00:09"]
[BlackClock "0:00:06"]

1. d4 Nf6 2. Nf3 g6 3. Nc3 Bg7 4. e4 d6 5. h3 O-O 6. Be2 c5 7. Be3 cxd4 8. Nxd4 Nc6 9. O-O Bd7 10. a4 Nxd4 11. Bxd4 Bc6 12. Qd3 Qa5 13. f4 e5 14. Be3 d5 15. exd5 Nxd5 16. Nxd5 Qxd5 17. Qxd5 Bxd5 18. f5 gxf5 19. Rxf5 Be4 20. Rf2 Bxc2 21. Bf3 e4 22. Rxc2 exf3 23. gxf3 Rfe8 24. Kf2 Rac8 25. Rac1 Rxc2+ 26. Rxc2 Bf6 27. b3 Bh4+ 28. Ke2 Bg5 29. Rc3 Kg7 30. Kf2 Rxe3 31. Rxe3 Bxe3+ 32. Kxe3 Kg6 33. Kf4 Kh5 34. Kg3 Kg5 35. f4+ Kf5 36. Kf3 h5 37. Ke3 Ke6 38. Ke4 f5+ 39. Kd4 Kd6 40. b4 a6 41. h4 b6 42. a5 b5 43. Kc3 Kd5 44. Kd3 Ke6 45. Ke3 Kd6 46. Kd4 Ke6 47. Kc5 Ke7 48. Kc6 Ke6 49. Kb6 Kd5 50. Kxa6 Kc4 51. Kb6 Kxb4 52. a6 Kc3 53. a7 b4 54. a8=Q b3 55. Qa1+ b2 56. Qb1 Kb3 57. Kc5 1-0


[Site "https://www.chess.com"]

[Event "Titled Tuesday Blitz May 23 Early 2023"]
[White "Toktomushev, Teimur"]
[Black "Lopez Mulet, Inigo"]
[WhiteFideId "14176726"]
[BlackFideId "22235620"]
[WhiteElo "2116"]
[BlackElo "2289"]
[Result "0-1"]
[Round "03"]
[TimeControl "180+2"]
[Date "2023.05.23"]
[WhiteClock "0:00:00"]
[BlackClock "0:02:51"]

1. d4 b6 2. e4 Bb7 3. Bd3 e6 4. Ne2 d5 5. Nbc3 c5 6. exd5 exd5 7. Nf4 Nf6 8. O-O c4 9. Bf5 g6 10. Bh3 Be7 11. b3 O-O 12. g3 a6 13. Bg2 b5 14. bxc4 bxc4 15. Rb1 Qd7 16. Re1 Rd8 17. Nfxd5 Nxd5 18. Nxd5 Bxd5 19. Bxd5 Qxd5 20. Rxe7 Nc6 21. Re3 Nxd4 22. Bb2 Nf5 23. Qxd5 Rxd5 24. Re2 Rb8 25. Ree1 Rdb5 26. g4 Nh4 0-1


[Site "https://www.chess.com"]

[Event "Titled Tuesday Blitz May 23 Early 2023"]
[White "Ramirez Vido, Robert Yorisan"]
[Black "Filgueira, Hernan"]
[WhiteFideId "3513823"]
[BlackFideId "101770"]
[WhiteElo "2436"]
[BlackElo "2363"]
[Result "1/2-1/2"]
[Round "03"]
[TimeControl "180+2"]
[Date "2023.05.23"]
[WhiteClock "0:00:05"]
[BlackClock "0:00:44"]

1. f4 d5 2. Nf3 g6 3. g3 Bg7 4. d3 c5 5. Bg2 Nh6 6. O-O d4 7. e4 dxe3 8. c3 Ng4 9. Qe2 Bf5 10. Ne1 Nc6 11. h3 Nf6 12. Bxe3 Qd6 13. Na3 b6 14. Nc4 Qc7 15. Ne5 Bd7 16. Nxd7 Qxd7 17. Rd1 Rc8 18. Nf3 O-O 19. d4 cxd4 20. Nxd4 Nxd4 21. Bxd4 Qc7 22. Be5 Qc5+ 23. Qf2 Qa5 24. a3 Rcd8 25. Qe2 e6 26. Rxd8 Rxd8 27. Rd1 Qc5+ 28. Kh2 Rxd1 29. Qxd1 Nd5 30. Bxg7 Kxg7 31. Bxd5 exd5 32. Qd4+ Qxd4 33. cxd4 Kf6 34. Kg2 Ke6 35. Kf3 h5 36. g4 h4 37. Ke3 f5 38. g5 Kd6 39. Kd3 Kc6 40. Kc3 Kb5 41. b3 a5 42. Kd3 Kc6 43. Kc3 Kb5 44. Kd3 1/2-1/2


[Site "https://www.chess.com"]

[Event "Titled Tuesday Blitz May 23 Early 2023"]
[White "Gubajdullin, Alexei"]
[Black "Veleshnja, Zino"]
[WhiteFideId "4141202"]
[BlackFideId "4701313"]
[WhiteElo "2279"]
[BlackElo "2216"]
[Result "0-1"]
[Round "03"]
[TimeControl "180+2"]
[Date "2023.05.23"]
[WhiteClock "0:00:24"]
[BlackClock "0:00:55"]

1. d4 Nf6 2. Nf3 e6 3. Bf4 d5 4. e3 Bd6 5. Bg3 c5 6. Nbd2 Qc7 7. c3 Nbd7 8. Bd3 O-O 9. O-O Bxg3 10. hxg3 e5 11. dxe5 Nxe5 12. Nxe5 Qxe5 13. Nf3 Qe7 14. Qa4 Bd7 15. Qh4 h6 16. b4 c4 17. Bc2 Rfe8 18. Rfd1 a5 19. a3 axb4 20. axb4 Rxa1 21. Rxa1 Ne4 22. Bxe4 Qxh4 23. gxh4 dxe4 24. Nd4 Kf8 25. Ra7 Rb8 26. h5 Ke7 27. Kh2 Kd6 28. Kg3 Kc7 29. Kf4 Re8 30. Ra5 g5+ 31. hxg6 fxg6 32. Rc5+ Kd6 33. Rxc4 b6 34. b5 Rf8+ 35. Kg3 g5 36. Nc6 Be6 37. Rxe4 Bd5 38. Rd4 Kc5 39. e4 Bxc6 40. bxc6 Kxc6 41. f3 b5 42. Kg4 Rf4+ 43. Kg3 Rh4 44. c4 b4 45. Rd5 Rh1 46. Rb5 Rb1 47. e5 b3 48. e6 b2 49. c5 Kxb5 50. e7 Re1 0-1


[Site "https://www.chess.com"]

[Event "Titled Tuesday Blitz May 23 Early 2023"]
[White "Rodriguez, Santiago"]
[Black "Sielecki, Christof"]
[WhiteFideId "3000591"]
[BlackFideId "4620437"]
[WhiteElo "2249"]
[BlackElo "2443"]
[Result "1/2-1/2"]
[Round "03"]
[TimeControl "180+2"]
[Date "2023.05.23"]
[WhiteClock "0:00:10"]
[BlackClock "0:00:15"]

1. d4 d5 2. Bf4 Nf6 3. e3 e6 4. Nf3 Bd6 5. Ne5 O-O 6. Nd2 c5 7. c3 Nc6 8. Bd3 Qc7 9. Ndf3 cxd4 10. cxd4 Qa5+ 11. Ke2 Nb4 12. Qd2 Ne4 13. Bxe4 dxe4 14. Ng5 Bxe5 15. Bxe5 f6 16. a3 Qb5+ 17. Kd1 Nd3 18. Bd6 Qxg5 19. Bxf8 Kxf8 20. f3 Bd7 21. fxe4 Ba4+ 22. Ke2 Qh5+ 23. Kf1 Bb5 24. Kg1 Rc8 25. h3 Qg6 26. Kh2 Qxe4 27. a4 Bc6 28. b4 Bd5 29. Rhd1 Bc4 30. b5 Kf7 31. Ra3 f5 32. Rxd3 Bxd3 33. Qxd3 Ke7 34. Qa3+ Kf7 35. Rc1 Rxc1 36. Qxc1 g5 37. Qc7+ Kf6 38. Qd8+ Kg6 39. Qe8+ Kf6 40. Qf8+ Kg6 41. Qe8+ Kf6 42. Qf8+ Kg6 43. Qe8+ 1/2-1/2


[Site "https://www.chess.com"]

[Event "Titled Tuesday Blitz May 23 Early 2023"]
[White "Kiremitciyan, Ari"]
[Black "Senft, Sean"]
[WhiteFideId "6373445"]
[BlackFideId "2044960"]
[WhiteElo "2181"]
[BlackElo "1989"]
[Result "0-1"]
[Round "03"]
[TimeControl "180+2"]
[Date "2023.05.23"]
[WhiteClock "0:00:00"]
[BlackClock "0:00:55"]

1. e4 c5 2. Nc3 g6 3. h4 h5 4. Bc4 Bg7 5. Qf3 e6 6. Nb5 d6 7. Qg3 e5 8. Qb3 Nh6 9. d3 O-O 10. a4 Nc6 11. Bg5 Qd7 12. Bd5 Ng4 13. Ne2 Nf6 14. Bxf6 Bxf6 15. c3 Ne7 16. Bc4 b6 17. a5 Bb7 18. a6 Bc6 19. g3 Rad8 20. O-O d5 21. exd5 Nxd5 22. Kh2 Bxh4 23. gxh4 Qg4 24. Ng3 Nf4 0-1


[Site "https://www.chess.com"]

[Event "Titled Tuesday Blitz May 23 Early 2023"]
[White "Mestnikov, Aisen"]
[Black "Szabo, Marcell"]
[WhiteFideId "34130117"]
[BlackFideId "2072033"]
[WhiteElo "1971"]
[BlackElo "1795"]
[Result "0-1"]
[Round "03"]
[TimeControl "180+2"]
[Date "2023.05.23"]
[WhiteClock "0:00:17"]
[BlackClock "0:00:17"]

1. d4 Nf6 2. c4 e5 3. dxe5 Ng4 4. Nf3 Bc5 5. e3 Nc6 6. a3 a5 7. b3 Ngxe5 8. Bb2 d6 9. Nbd2 O-O 10. Be2 Bf5 11. e4 Bg6 12. O-O Re8 13. Nxe5 Nxe5 14. b4 axb4 15. axb4 Bxb4 16. f4 Rxa1 17. Bxa1 Bxd2 18. Qxd2 Nc6 19. f5 Rxe4 20. fxg6 hxg6 21. Bf3 Re7 22. Bd5 Qd7 23. Qg5 Ne5 24. h4 c6 25. Bf3 Nxf3+ 26. gxf3 Re2 27. Rf2 Re1+ 28. Rf1 Re2 29. Bd4 Qh3 30. Bf2 Qxf3 31. Qd8+ Kh7 32. Qxd6 Qg4+ 33. Qg3 Qxc4 34. Qg5 Re4 35. Bg3 Rg4 36. Qe5 f6 37. Qd6 Qe2 38. Rf2 Qe1+ 39. Kg2 Qe4+ 40. Kh2 f5 41. Qc7 b5 42. Rf4 Rxf4 43. Qd6 Qe2+ 44. Kh3 Qg4+ 45. Kg2 Rf3 46. Qe5 Qxg3+ 47. Qxg3 Rxg3+ 48. Kxg3 Kh6 49. Kf3 Kh5 50. Ke3 Kxh4 51. Kd4 g5 52. Kc5 g4 53. Kxc6 f4 0-1


[Site "https://www.chess.com"]

[Event "Titled Tuesday Blitz May 23 Early 2023"]
[White "Zacurdajev, Dmitry"]
[Black "HamedWafa4"]
[WhiteFideId "4196309"]
[WhiteElo "2240"]
[BlackElo "2596"]
[Result "1/2-1/2"]
[Round "03"]
[TimeControl "180+2"]
[Date "2023.05.23"]
[WhiteClock "0:00:06"]
[BlackClock "0:00:11"]

1. d4 Nf6 2. c4 e6 3. Nc3 Bb4 4. Qc2 O-O 5. a3 Bxc3+ 6. Qxc3 b6 7. Bg5 Bb7 8. f3 c5 9. e3 cxd4 10. exd4 d5 11. Nh3 Nbd7 12. cxd5 Rc8 13. Qd2 h6 14. dxe6 Re8 15. Kf2 hxg5 16. exd7 Qxd7 17. Nxg5 Rcd8 18. Bc4 Bd5 19. Bxd5 Qxd5 20. Rad1 Qf5 21. Rhe1 Nd5 22. Rxe8+ Rxe8 23. Re1 Rxe1 24. Kxe1 Qb1+ 25. Kf2 g6 26. Qe2 Qf5 27. Qe8+ Kg7 28. Qe5+ Qxe5 29. dxe5 Nf4 30. Ke3 Nxg2+ 31. Ke4 Ne1 32. e6 fxe6 33. Nxe6+ Kf6 34. Nd8 Nc2 35. Nc6 a5 36. Nd4 Ne1 37. b4 a4 38. Ne2 Nc2 39. Nc3 Nxa3 40. Nxa4 Nc2 41. Nxb6 Nxb4 42. Nd5+ Nxd5 43. Kxd5 Kf5 44. Kd6 Kf4 45. Ke6 Kxf3 46. Kf6 Kg4 47. Kxg6 Kh3 48. Kg5 Kxh2 1/2-1/2


[Site "https://www.chess.com"]

[Event "Titled Tuesday Blitz May 23 Early 2023"]
[White "Al-Tarboush, Ward"]
[Black "Khromkin, Andrey"]
[WhiteFideId "7601450"]
[BlackFideId "4154126"]
[WhiteElo "2265"]
[BlackElo "2429"]
[Result "1-0"]
[Round "03"]
[TimeControl "180+2"]
[Date "2023.05.23"]
[WhiteClock "0:01:34"]
[BlackClock "0:00:08"]

1. Nc3 c5 2. e4 Nc6 3. Nf3 g6 4. Bb5 Bg7 5. O-O Nf6 6. e5 Ng4 7. Bxc6 dxc6 8. Re1 Qc7 9. Qe2 O-O 10. h3 Nh6 11. d3 Nf5 12. Bf4 Be6 13. Ne4 b6 14. Neg5 Qd7 15. Nxe6 fxe6 16. Bh2 Nd4 17. Nxd4 Qxd4 18. b3 Bh6 19. Bg3 Bf4 20. Bxf4 Rxf4 21. Qe3 Raf8 22. Qxd4 Rxd4 23. Re3 g5 24. Rae1 Kg7 25. Re4 Rf4 26. g3 Rfxe4 27. Rxe4 Kg6 28. Rxd4 cxd4 29. g4 h5 30. Kg2 h4 31. Kf3 c5 32. Ke4 Kh6 33. b4 Kg6 34. a4 Kh6 35. bxc5 bxc5 36. a5 a6 37. Kf3 Kg6 38. Ke2 Kf7 39. Kd2 Ke8 40. c3 Kd7 41. cxd4 cxd4 42. Kc2 Kc6 43. f4 gxf4 44. g5 Kd7 45. Kd2 Ke8 46. Ke2 Kf7 47. Kf3 Kg6 48. Kxf4 Kh5 49. g6 Kxg6 50. Kg4 Kh6 51. Kxh4 Kg6 52. Kg4 Kh6 53. Kf4 Kh5 54. Ke4 Kh4 55. Kxd4 Kxh3 56. Kc5 Kg4 57. Kb6 Kf5 58. Kxa6 Kxe5 59. Kb6 Kd4 60. a6 Kxd3 61. a7 e5 62. a8=Q e4 63. Qd5+ Ke3 64. Kc5 Kf4 65. Qf7+ 1-0


[Site "https://www.chess.com"]

[Event "Titled Tuesday Blitz May 23 Early 2023"]
[White "Bagrationi, Alexander"]
[Black "Vovk, Orest"]
[WhiteFideId "14104954"]
[BlackFideId "14113490"]
[WhiteElo "2398"]
[BlackElo "2215"]
[Result "0-1"]
[Round "03"]
[TimeControl "180+2"]
[Date "2023.05.23"]
[WhiteClock "0:00:00"]
[BlackClock "0:00:07"]

1. d4 h6 2. c4 g5 3. Nc3 Bg7 4. h4 c5 5. dxc5 Bxc3+ 6. bxc3 g4 7. e4 Qa5 8. Bd2 g3 9. fxg3 Qxc5 10. Nf3 Nf6 11. Bd3 Rg8 12. e5 Ng4 13. Qe2 Nc6 14. Bf4 b6 15. Bh7 Rg7 16. Bf5 Ba6 17. Bxg4 Bxc4 18. Qf2 Qxf2+ 19. Kxf2 Rxg4 20. Bxh6 O-O-O 21. Bf4 f6 22. exf6 exf6 23. h5 Rh8 24. h6 Rh7 25. Rae1 Ne7 26. Rxe7 Rxe7 27. h7 Rxh7 28. Rxh7 Bxa2 29. Nd4 a5 30. Nb5 Kb7 31. Nd6+ Kc6 32. Rh8 a4 33. Ra8 Bb3 34. Nf5 Kb5 35. Nd4+ Kc4 36. Rb8 Kxc3 37. Nxb3 axb3 38. Rxb6 b2 39. Kf3 Rg8 40. Be3 Kc2 0-1


[Site "https://www.chess.com"]

[Event "Titled Tuesday Blitz May 23 Early 2023"]
[White "Kovalevsky, Stanislav"]
[Black "Bodnaruk, Anastasia"]
[WhiteFideId "13508598"]
[BlackFideId "4181751"]
[WhiteElo "2174"]
[BlackElo "2304"]
[Result "1-0"]
[Round "03"]
[TimeControl "180+2"]
[Date "2023.05.23"]
[WhiteClock "0:00:15"]
[BlackClock "0:00:00"]

1. c4 e5 2. Nc3 d6 3. g3 Nc6 4. Bg2 g6 5. d3 Bg7 6. h4 h5 7. Nf3 Nge7 8. O-O O-O 9. Rb1 Nd4 10. b4 c6 11. Nxd4 exd4 12. Ne4 Bf5 13. b5 d5 14. cxd5 Nxd5 15. bxc6 bxc6 16. Bg5 Qd7 17. Qc2 Bxe4 18. Bxe4 Nc3 19. Rb4 Rfe8 20. Bf3 Re6 21. Rc4 Rae8 22. Kg2 Rxe2 23. Bxe2 Rxe2 24. Qb3 Qd5+ 25. Kg1 Qf3 26. Qb8+ Kh7 27. Qf4 Qxd3 28. Rxc6 Rxa2 29. Qxf7 Ne2+ 30. Kh2 Nxg3 31. Rg1 Qe4 32. Rxg3 Qxc6 33. Be7 1-0


[Site "https://www.chess.com"]